 Dungeon Crawl Stone Soup version 0.20.1-1-g8b1a95d (webtiles) character file.

1479 Timinator the Martial Artist (level 8, -1/61 HPs)
             Began as a Vampire Monk on Sept 20, 2017.
             Slain by an orc warrior
             ... wielding a cursed -3 dire flail
              (10 damage)
             ... on level 6 of the Dungeon.
             The game lasted 00:52:50 (4446 turns).

Timinator the Martial Artist (Vampire Monk)         Turns: 4446, Time: 00:52:50

Health: -1/61      AC:  8    Str: 10    XL:     8   Next: 50%
Magic:  12/12      EV: 14    Int: 13    God:
Gold:   332        SH:  4    Dex: 18    Spells: 12/12 levels left

rFire    . . .     SeeInvis +     - Unarmed
rCold    + . .     Gourm    .   (no shield)
rNeg     . . .     Faith    .   g - +0 ring mail
rPois    .         Spirit   .   (no helmet)
rElec    .         Reflect  +   (no cloak)
rCorr    .         Harm     .   a - +2 pair of gloves
MR       .....                  (no boots)
Stlth    ++........             p - +4 amulet of reflection
Regen    0.4/turn               d - ring of protection from cold
MPRegen  0.2/turn               (no ring)

@: regenerating quickly
A: fangs 3, see invisible, unbreathing
a: no special abilities


You were on level 6 of the Dungeon.
You were full.

You visited 1 branch of the dungeon, and saw 6 of its levels.

You collected 332 gold pieces.

Inventory:

Hand Weapons
 t - a +0 mace
Missiles
 q - a tomahawk of returning (quivered)
Armour
 a - a +2 pair of gloves (worn)
 g - a +0 ring mail (worn)
 l - a +1 robe of fire resistance
Jewellery
 d - a ring of protection from cold (left hand)
 p - a +4 amulet of reflection (around neck)
Scrolls
 c - a scroll of magic mapping {unknown}
 e - 2 scrolls of recharging
 f - a scroll of amnesia {unknown}
 h - a scroll of fog
 j - 2 scrolls of teleportation
 m - 2 scrolls of identify
 o - a scroll of remove curse
 r - a scroll of blinking {unknown}
 v - a scroll of fear {unknown}
Potions
 b - 16 potions of blood
 i - 2 potions of cancellation
 n - a potion of brilliance
 u - a potion of curing
 w - a potion of mutation


   Skills:
 * Level 4.5 Fighting
 - Level 0.1 Throwing
 - Level 2.3 Armour
 * Level 6.0 Dodging
 - Level 3.0 Stealth
 + Level 8.6 Unarmed Combat
 * Level 2.9 Spellcasting


You had 12 spell levels left.
You didn't know any spells.

Dungeon Overview and Level Annotations

Branches:
Dungeon (6/15)             Temple (0/1) D:6

Altars:
Cheibriados
Gozag


Innate Abilities, Weirdness & Mutations

Your natural rate of healing is unusually fast.
You have razor-sharp teeth.
You have supernaturally acute eyesight. (SInv)
You can survive without breathing.


Message History

The orc warrior misses you.
Your ring mail prevents you from hitting the orc warrior.
The orc warrior is heavily wounded.
You hit the orc warrior.
The orc warrior is heavily wounded.
The orc warrior completely misses you.
You hit the orc warrior but do no damage.
The orc warrior is heavily wounded.
The orc warrior barely misses you.
You barely miss the orc warrior.
The orc warrior is heavily wounded.
The orc warrior hits you with an enchanted dire flail!!
* * * LOW HITPOINT WARNING * * *
There is an open door here.
As you read the scroll labeled YDOUHO CANUINN, it crumbles to dust.
Your nose twitches suddenly!
It was a scroll of random uselessness.
You closely miss the orc warrior. Your bite misses the orc warrior.
The orc warrior is heavily wounded.
The orc warrior hits you with an enchanted dire flail!
You die...

##+## ##...## ##
##.....## ##.#
##.......##
.#...####.........#
......).'.....oo@.+
...>..###.........#
#.8.#.# ##.......##
......# ##.....##
8.o.8## ##...##
.o... ##+## #.8.#
....


You could see an orc warrior and an orc.

Vanquished Creatures
  Prince Ribbit (D:5)
  Sigmund (D:5)
  Edmund (D:5)
  An ice beast (D:5)
  An ogre (D:6)
  A gnoll sergeant (D:6)
  A crimson imp (D:5)
  2 orc priests (D:4)
  2 bullfrog skeletons (D:5)
  A centaur skeleton (D:4)
  5 worker ants
  Natasha (thrice) (D:3)
  4 orc wizards
  3 gnolls (D:6)
  12 adders
  2 oozes
  5 worms (D:2)
  3 leopard geckos
  14 orcs
  6 giant cockroaches
  10 goblins
  12 hobgoblins
  12 jackals
  2 quokkas
  A ball python (D:1)
  9 bats
  7 frilled lizards
  10 kobolds
  10 rats
142 creatures vanquished.

Notes
Turn   | Place    | Note
-------+----------+-------------------------------------------
     0 | D:1      | Timinator the Vampire Monk began the quest for the Orb.
     0 | D:1      | Reached XP level 1. HP: 17/17 MP: 1/1
   138 | D:1      | Reached XP level 2. HP: 17/23 MP: 2/2
   510 | D:1      | Reached XP level 3. HP: 20/28 MP: 3/3
   613 | D:1      | Reached skill level 4 in Unarmed Combat
  1038 | D:2      | Reached XP level 4. HP: 35/35 MP: 4/4
  1296 | D:2      | Reached skill level 1 in Armour
  1690 | D:2      | Reached skill level 5 in Unarmed Combat
  1958 | D:3      | Reached XP level 5. HP: 37/41 MP: 5/5
  1980 | D:3      | Noticed Natasha
  2491 | D:3      | Reached XP level 6. HP: 47/47 MP: 6/6
  2577 | D:3      | Found an opulent altar of Gozag.
  2690 | D:3      | Killed Natasha
  2821 | D:3      | Noticed Natasha
  2837 | D:3      | Killed Natasha
  2901 | D:3      | Noticed Natasha
  2908 | D:3      | Killed Natasha
  3130 | D:4      | Reached skill level 6 in Unarmed Combat
  3217 | D:5      | Entered Level 5 of the Dungeon
  3409 | D:5      | Reached skill level 1 in Spellcasting
  3435 | D:5      | Noticed Prince Ribbit
  3446 | D:5      | Reached XP level 7. HP: 47/52 MP: 8/8
  3482 | D:5      | Killed Prince Ribbit
  3482 | D:5      | Reached skill level 5 in Dodging
  3482 | D:5      | Reached skill level 7 in Unarmed Combat
  3663 | D:5      | Noticed Edmund
  3688 | D:5      | Killed Edmund
  3688 | D:5      | Reached XP level 8. HP: 32/60 MP: 11/11
  3711 | D:5      | Noticed Sigmund
  3784 | D:5      | Killed Sigmund
  3784 | D:5      | Reached skill level 8 in Unarmed Combat
  4165 | D:6      | Found a snail-covered altar of Cheibriados.
  4231 | D:6      | HP: 2/61 [orc wizard/magic dart (4)]
  4390 | D:6      | Found a staircase to the Ecumenical Temple.
  4446 | D:6      | Slain by an orc warrior

Skill      XL: |  1  2  3  4  5  6  7  8 |
---------------+-------------------------+-----
Unarmed Combat | 4 5 6 7 8 |  8.6
Fighting       | 3 4 |  4.5
Dodging        | 4 5 6 |  6.0
Armour         | 1 2 |  2.3
Spellcasting   | 1 2 |  2.9
Throwing       | |  0.1
Stealth        | |  3.0

Action                   |  1- 3 |  4- 6 |  7- 9 || total
-------------------------+-------+-------+-------++-------
Melee: Unarmed           |   147 |   346 |   184 ||   677
       Punch             |     5 |    12 |    11 ||    28
       Bite              |    11 |    33 |    25 ||    69
Throw: Tomahawk          |       |     3 |    10 ||    13
  Use: Potion            |     3 |     8 |     7 ||    18
       Scroll            |     2 |     4 |     7 ||    13
 Stab: Sleeping          |     2 |     6 |       ||     8
  Eat: Corpse            |     7 |     7 |     2 ||    16
Armor: Robe              |     3 |       |       ||     3
       Ring mail         |    26 |    75 |    24 ||   125
Dodge: Dodged            |    99 |   216 |    76 ||   391
Block: Other             |       |    47 |    25 ||    72
